 Dungeon Crawl Stone Soup version 0.27-a0-419-g7a85846853 (webtiles) character file.

Game seed: 5136536336896296720

6807 Baz the Ogre Mage (level 11, -6/136 HPs)
             Began as an Ogre Ice Elementalist on Feb 26, 2021.
             Was a Priest of Sif Muna.
             Mangled by a large slime creature (32 damage)
             ... in a Gauntlet.
             The game lasted 00:33:37 (13687 turns).

Baz the Ogre Mage (Ogre Ice Elementalist)          Turns: 13687, Time: 00:33:38

Health: -6/136     AC: 25    Str: 20    XL:     11   Next: 5%
Magic:  20/32      EV:  1    Int: 19    God:    Sif Muna [***...]
Gold:   537        SH: 10    Dex:  9    Spells: 7/27 levels left

rFire    . . .     SeeInvis .   v - +4 spear (venom)
rCold    . . .     Faith    .   c - +0 kite shield
rNeg     + + +     Spirit   .   (armour currently unavailable)
rPois    +         Reflect  .   (helmet currently unavailable)
rElec    .         Harm     .   (cloak currently unavailable)
rCorr    .         Rampage  .   (gloves unavailable)
Will     +....     NoTele   +   (boots unavailable)
Stlth    +.........             (no amulet)
HPRegen  0.32/turn              h - +6 ring of strength
MPRegen  0.23/turn              s - ring of magical power

@: tree-form, very slightly contaminated
A: large, unfitting armour
a: Renounce Religion, Channel Magic, Forget Spell


You were in a Gauntlet.
You worshipped Sif Muna.
Sif Muna was most pleased with you.
You were a tree.
You visited 2 branches of the dungeon, and saw 12 of its levels.
You also visited: Ossuary and Gauntlet.

You collected 537 gold pieces.

Inventory:

Hand Weapons
 v - a +4 spear of venom (weapon)
Armour
 a - a +0 robe (melded)
 c - a +0 kite shield (worn)
 D - a +1 hat of willpower (melded)
Jewellery
 h - a +6 ring of strength (left branch)
 s - a ring of magical power (right branch)
 H - a +6 ring of dexterity
Wands
 r - a wand of flame (43)
 y - a wand of acid (11)
 C - a wand of digging (1)
Scrolls
 b - 3 scrolls of amnesia
 f - a scroll of blinking
 g - 8 scrolls of teleportation
 j - 2 scrolls of immolation
 k - 5 scrolls of enchant armour
 m - a scroll of holy word {unknown}
 p - a scroll of noise {unknown}
 u - 4 scrolls of random uselessness {unknown}
 w - 2 scrolls of fog {unknown}
 x - a scroll of summoning {unknown}
 B - 2 scrolls of enchant weapon {unknown}
Potions
 d - a potion of ambrosia
 e - 2 potions of brilliance
 i - 2 potions of curing
 n - 2 potions of magic
 o - a potion of invisibility
 q - a potion of mutation
 t - 2 potions of degeneration {unknown}
 z - a potion of attraction {unknown}
 A - a potion of lignification
 E - 2 potions of resistance {unknown}
 G - a potion of flight {unknown}
Miscellaneous
 l - a lightning rod (4/4)


   Skills:
 - Level 1.1 Fighting
 - Level 1.7 Dodging
 - Level 1.4 Stealth
 + Level 7.0 Shields
 + Level 8.9 Spellcasting
 * Level 7.9 Conjurations
 + Level 8.9 Ice Magic


You had 7 spell levels left.
You knew the following spells:

 Your Spells              Type           Power        Failure   Level
a - Freeze                Ice            100%         1%          1
b - Frozen Ramparts       Ice            84%          1%          3
c - Ozocubu's Armour      Ice            42%          1%          3
d - Hailstorm             Conj/Ice       40%          3%          4
e - Summon Ice Beast      Ice/Summ       25%          21%         4
f - Blink                 Tloc           N/A          19%         2
g - Stone Arrow           Conj/Erth      46%          8%          3

Your spell library contained the following spells:

 Spells                   Type           Power        Failure   Level
 Magic Dart               Conj           100%         1%          1
 Conjure Flame            Conj/Fire      23%          8%          3
 Sandblast                Erth           16%          13%         1
 Mephitic Cloud           Conj/Pois/Air  18%          13%         3
 Call Imp                 Summ           8%           19%         2
 Passwall                 Tmut/Erth      6%           19%         2
 Slow                     Hex            8%           19%         2
 Petrify                  Tmut/Erth      8%           77%         4
 Lee's Rapid Deconstruct  Erth           4%           98%         5


Dungeon Overview and Level Annotations

Branches:
Dungeon (11/15)            Temple (1/1) D:6             Orc (0/2) D:9
Ossuary (visited)         Gauntlet (1/1)
   Lair: D:8-11

Altars:
Ashenzari
Cheibriados
Elyvilon
Gozag
Hepliaklqana
Kikubaaqudgha
Makhleb
Nemelex Xobeh
Okawaru
Qazlal
Ru
Sif Muna
Trog
Uskayaw
Vehumet
Wu Jian
Xom
Yredelemnul
Zin
The Shining One

Annotations:
D:4 Edmund, Grinder
D:7 exclusion: 2 downstairs
D:8 exclusion: two-headed ogre, Harold Gauntlet 15 transporters, exclusion: obsidian statue


Innate Abilities, Weirdness & Mutations

You are too large for most types of armour.
((You have tough skin. (AC +1)))


Message History

Press: ? - help, Shift-Dir - straight line, f/p - large slime creature
Aim: a large slime creature (water, heavily wounded, covered in acid, ally target, 6% to evade)
The bolt of acid hits the large slime creature!
The large slime creature is splashed with acid.
The large slime creature seems to be corroded for longer.
The large slime creature is severely wounded.
The slime creature hits you.
Your ice beast hits the slime creature.
Your ice beast freezes the slime creature!
The wall freezes the large slime creature!
You block the large slime creature's attack.
The slime creature hits your ice beast.
Unknown command.
You puncture the large slime creature!
The large slime creature is severely wounded.
The slime creature hits you.
Your ice beast hits the slime creature.
The slime creature dies!
Sif Muna accepts your kill.
The wall freezes the large slime creature.
The large slime creature hits you!!
Your Shields skill increases to level 7!
Unknown command.
Unknown command.
You hit the large slime creature.
The large slime creature is almost dead.
You block the slime creature's attack.
The wall freezes the large slime creature!
The large slime creature hits you!!
* * * LOW HITPOINT WARNING * * *
Unknown command.
Aiming: Corrosive Bolt
Press: ? - help, Shift-Dir - straight line, f/p - large slime creature
Aim: a large slime creature (water, almost dead, covered in acid, ally target, 6% to evade)
The bolt of acid hits the large slime creature!
The large slime creature is splashed with acid.
The large slime creature seems to be corroded for longer.
The large slime creature is almost dead.
The frozen ramparts melt away.
The slime creature hits you.
* * * LOW HITPOINT WARNING * * *
The large slime creature hits you!!
You die...

.....#.##########################
###..#.#....≈....#.#....©....#.#.
#8#..#.#≈≈.≈≈^≈≈≈#.##.##.##.##.#.
###..#.#..≈^.≈≈..#.##.#####.##.#.
#..#.#$≈^≈≈....#.#.#.......#.#.
###..#©#©..≈©.≈≈.#.#..#.†#.###.#.
#8#..###..^≈≈^≈.≈#.#.##©##.###.#3
###....#≈.≈..≈^YJ#.#....†....#.#5
#....#.≈≈≈^.≈J♣#.###.##.##.#.#.
###..#$...≈≈...#.###.##.##.#.#.
#8#..###########.###########.##
###...................©........
#≈...........................
###################.∩.####### #8#
#8# #8# #8# #...# #8# ### ### ###
### #§∩§# ### #####


You could see a large slime creature (corroded, ally target), a slime creature
and a friendly ice beast (summoned).

Vanquished Creatures
  Gastronok (D:8)
  Erolcha (D:9)
  A moth of wrath (Gauntlet)
  4 yaks (D:11)
  A sky beast (D:9)
  An orc warrior (D:9)
  A black bear (D:8)
  An ice beast (D:8)
  3 ogres
  4 wolves
  2 centaurs
  3 kobold brigands
  4 bullfrogs
  4 gnoll sergeants
  A water moccasin zombie (D:8)
  A scorpion (D:4)
  3 wights (D:9)
  A nameless horror (D:8)
  A howler monkey (D:8)
  2 centaur zombies
  3 gnoll shamans (D:5)
  4 orc priests
  2 bullfrog skeletons
  6 hounds
  2 jellies (Gauntlet)
  A centaur skeleton (D:9)
  Jessica (D:9)
  5 iguanas
  7 orc wizards
  3 worker ants
  Natasha (D:4)
  A hound zombie (D:10)
  31 gnolls
  7 adders
  A shadow imp (D:4)
  A white imp (D:6)
  3 ufetubi
  2 worms
  4 dart slugs (D:1)
  8 leopard geckos
  32 orcs
  2 ball pythons
  8 bats
  4 giant cockroaches
  9 goblins
  9 hobgoblins
  15 jackals
  24 kobolds
  8 quokkas
  6 frilled lizards
  A leopard gecko skeleton (D:5)
  A quokka skeleton (D:4)
  9 rats
261 creatures vanquished.

Vanquished Creatures (collateral kills)
  A slime creature (Gauntlet)
  A jelly (Gauntlet)
2 creatures vanquished.

Vanquished Creatures (others)
  14 demonic plants (Gauntlet)
  2 fungi (Gauntlet)
  19 plants (Gauntlet)
35 creatures vanquished.

Grand Total: 298 creatures vanquished

Notes
Turn   | Place    | Note
-------+----------+-------------------------------------------
     0 | D:1      | Baz the Ogre Ice Elementalist began the quest for the Orb.
     0 | D:1      | Reached XP level 1. HP: 16/16 MP: 3/3
   257 | D:1      | Reached skill level 1 in Fighting
   257 | D:1      | Reached XP level 2. HP: 27/27 MP: 1/5
   920 | D:1      | Reached XP level 3. HP: 33/33 MP: 4/7
  1371 | D:1      | Learned a level 3 spell: Frozen Ramparts
  1893 | D:2      | Found an opulent altar of Gozag.
  2114 | D:2      | Reached skill level 1 in Shields
  2114 | D:2      | Reached XP level 4. HP: 34/41 MP: 5/8
  2290 | D:2      | Learned a level 3 spell: Ozocubu's Armour
  2828 | D:3      | Reached XP level 5. HP: 38/48 MP: 1/10
  2921 | D:3      | Found an iron altar of Okawaru.
  3079 | D:3      | Reached skill level 5 in Ice Magic
  3961 | D:3      | Reached XP level 6. HP: 23/55 MP: 5/11
  4142 | D:3      | Learned a level 4 spell: Hailstorm
  4473 | D:4      | Found a sand-covered staircase.
  4478 | Ossuary  | Entered an ossuary
  5078 | D:4      | Noticed Edmund
  5252 | D:4      | Reached XP level 7. HP: 58/62 MP: 13/13
  5508 | D:5      | Entered Level 5 of the Dungeon
  5698 | D:4      | Noticed Natasha
  5703 | D:4      | Killed Natasha
  5754 | D:4      | Noticed Grinder
  6125 | D:5      | Learned a level 4 spell: Summon Ice Beast
  6146 | D:5      | Reached skill level 5 in Spellcasting
  6286 | D:5      | Reached skill level 1 in Conjurations
  6309 | D:5      | Reached XP level 8. HP: 38/70 MP: 15/15
  6507 | D:5      | You fall into a shaft and drop 2 floors!
  7180 | D:7      | Found a sacrificial altar of Ru.
  7432 | D:6      | Found a broken altar of Ashenzari.
  7668 | D:6      | Found a staircase to the Ecumenical Temple.
  7674 | Temple   | Entered the Ecumenical Temple
  7734 | Temple   | Became a worshipper of Sif Muna the Loreminder
  8017 | D:5      | Found a burning altar of Makhleb.
  8848 | D:5      | Reached XP level 9. HP: 75/76 MP: 12/18
  8873 | D:5      | Reached * piety under Sif Muna
  8970 | D:5      | Learned a level 2 spell: Blink
  9224 | D:7      | Learned a level 3 spell: Stone Arrow
  9564 | D:8      | Noticed a two-headed ogre
  9616 | D:8      | Noticed Harold
  9824 | D:8      | Noticed Gastronok
  9883 | D:8      | Killed Gastronok
  9884 | D:8      | Reached skill level 5 in Shields
  9884 | D:8      | Reached skill level 5 in Conjurations
  9982 | D:8      | Reached XP level 10. HP: 84/84 MP: 10/21
 10290 | D:8      | Reached ** piety under Sif Muna
 11281 | D:9      | Noticed Erolcha
 11289 | D:9      | Killed Erolcha
 11560 | D:9      | Found a staircase to the Orcish Mines.
 11892 | D:9      | Found a sparkling altar of Nemelex Xobeh.
 12287 | D:9      | Noticed Jessica
 12296 | D:9      | Killed Jessica
 12300 | D:9      | Found a shimmering blue altar of Sif Muna.
 12372 | D:10     | Entered Level 10 of the Dungeon
 12819 | D:10     | Found a bloodstained altar of Trog.
 13017 | D:11     | Reached *** piety under Sif Muna
 13054 | D:11     | Found a gate leading to a gauntlet.
 13082 | Gauntlet | Entered a Gauntlet
 13082 | Gauntlet | Found a transporter.
 13109 | Gauntlet | Noticed a moth of wrath
 13118 | Gauntlet | Found a transporter.
 13133 | Gauntlet | Found a transporter.
 13171 | Gauntlet | Found a transporter.
 13189 | Gauntlet | Found a transporter.
 13209 | Gauntlet | Found a transporter.
 13212 | Gauntlet | Noticed an obsidian statue
 13216 | Gauntlet | Noticed a fire crab
 13218 | Gauntlet | Found a transporter.
 13223 | Gauntlet | Found a transporter.
 13225 | Gauntlet | Found a transporter.
 13275 | Gauntlet | Noticed a spectral centaur warrior
 13276 | Gauntlet | Noticed a spectral centaur warrior
 13277 | Gauntlet | Found a transporter.
 13297 | Gauntlet | Noticed a sixfirhy
 13299 | Gauntlet | Found a transporter.
 13300 | Gauntlet | Noticed a death drake
 13301 | Gauntlet | Noticed a sixfirhy
 13304 | Gauntlet | Found a transporter.
 13304 | Gauntlet | Found a transporter.
 13306 | Gauntlet | Found a transporter.
 13307 | Gauntlet | Noticed a sixfirhy
 13324 | Gauntlet | Noticed a wizard
 13325 | Gauntlet | Found a transporter.
 13327 | Gauntlet | Noticed a wizard
 13342 | Gauntlet | Found a transporter.
 13362 | Gauntlet | Found a transporter.
 13362 | Gauntlet | Noticed a sixfirhy
 13400 | Gauntlet | Found a transporter.
 13608 | Gauntlet | Killed a moth of wrath
 13609 | Gauntlet | Reached XP level 11. HP: 91/91 MP: 19/23
 13687 | Gauntlet | Mangled by a large slime creature

Illustrated notes

Levels and vault maps discovered:
D:1:      arrival_zaba_pyramid, layout_basic
D:2:      layout_loops_corners, nicolae_gozag_cash_rules_everything_around_me
D:3:      layout_basic, general_overflow_altar
D:4:      layout_loops_cross, nicolae_ossuary_entry_false_entrances,
          uniq_natasha, uniq_grinder, uniq_edmund
D:5:      layout_cave_pools, nicolae_overflow_crystal_walls, serial_gnoll_camp,
          gnoll_camp_huts_moat, gnoll_camp_mini_hut, gnoll_camp_medium_02,
          gnoll_camp_mini_loothouse, minmay_fractal_squares_5
D:6:      layout_loops_cross, marbit_many_paths, lemuel_coloured_pillars_altar,
          minmay_temple_entry_enclosed_plants, kennysheep_generic_room_9
D:7:      layout_loops_ring, lemuel_statue_altar
D:8:      layout_basic, lair_entry_dummy, uniq_gastronok, uniq_harold
D:9:      layout_long_grid, nicolae_overflow_hidden_temple, orc_0_dummy,
          tgw_sif, uniq_erolcha
D:10:     layout_rooms, basic_altar
D:11:     layout_loops_cross, gauntlet_entry_generic, uniq_maurice
Temple:   lightli_temple_of_artemis
Gauntlet: gammafunk_gauntlet_one_two_three [gammafunk_gauntlet_arena_crates,
          nicolae_gauntlet_arena_blocks, nicolae_gauntlet_arena_flowing_pool,
          nicolae_gauntlet_arena_t_cross, gammafunk_gauntlet_arena_arrow_garden,
          gammafunk_gauntlet_arena_grid, gammafunk_gauntlet_arena_hedges,
          gammafunk_gauntlet_arena_spirals, nicolae_gauntlet_swirl,
          nicolae_gauntlet_exit_dead_adventurers]

Skill      XL: |  1  2  3  4  5  6  7  8  9 10 11 |
---------------+----------------------------------+-----
Fighting       | 1 |  1.1
Ice Magic      | 4 5 6 7 8 |  8.9
Spellcasting   | 3 4 5 6 7 8 |  8.9
Shields        | 1 2 3 4 5 6 7 |  7.0
Conjurations   | 1 3 5 7 |  7.9
Dodging        | |  1.7
Stealth        | |  1.4

Action                   |  1- 3 |  4- 6 |  7- 9 | 10-12 || total
-------------------------+-------+-------+-------+-------++-------
Melee: Dagger            |    19 |    50 |    26 |       ||    95
       Unarmed           |     3 |       |       |       ||     3
       Spear             |       |       |   156 |   111 ||   267
 Cast: Freeze            |    52 |    53 |    37 |    13 ||   155
       Frozen Ramparts   |       |    11 |    22 |    18 ||    51
       Ozocubu's Armour  |       |     2 |     1 |       ||     3
       Summon Ice Beast  |       |       |     2 |     2 ||     4
       Hailstorm         |       |       |     1 |    15 ||    16
       Stone Arrow       |       |       |       |     8 ||     8
       Blink             |       |       |       |     1 ||     1
Evoke: Wand              |       |       |     4 |     6 ||    10
  Use: Scroll            |       |     6 |       |     6 ||    12
       Potion            |       |       |     1 |     2 ||     3
 Stab: Sleeping          |     3 |     4 |     2 |       ||     9
Armor: Robe              |    20 |    18 |    19 |    26 ||    83
       Skin              |       |       |       |    15 ||    15
Dodge: Dodged            |    24 |    32 |    73 |    61 ||   190
Block: Kite shield       |       |     7 |    32 |    35 ||    74

Table legend: (Time is in decaauts)
 A = Elapsed time spent in this place.
 B = Non-inter-level travel time spent in this place.
 C = Inter-level travel time spent in this place.
 D = Time resting spent in this place.
 E = Time spent auto-exploring this place.
 F = Levels seen in this place.
 G = Mean time per level.
                   A        B        C        D        E       F      G
               +--------+--------+--------+--------+--------+-----+--------+
         Total |  13742 |  13240 |    502 |   4138 |   5926 |  14 |  981.6 |
       Dungeon |  13010 |  12522 |    488 |   3937 |   5926 |  11 | 1182.7 |
        Temple |     74 |     60 |     14 |      0 |      0 |   1 |   74.0 |
       Ossuary |     52 |     52 |      0 |      0 |      0 |   1 |   52.0 |
      Gauntlet |    604 |    604 |      0 |    201 |      0 |   1 |  604.0 |
               +--------+--------+--------+--------+--------+-----+--------+

Top non-repeatable levels by time:
     D:5: 2099 daAuts
     D:3: 1689 daAuts
     D:1: 1545 daAuts
     D:7: 1518 daAuts
     D:8: 1233 daAuts
     D:4: 1180 daAuts
     D:9: 1138 daAuts
     D:2: 1117 daAuts
     D:6: 773 daAuts
    D:10: 632 daAuts
Gauntlet: 604 daAuts
    D:11: 82 daAuts
  Temple: 74 daAuts
 Ossuary: 52 daAuts
